Map: Waterfall

Players

lllIlllIllIl

  • Race: Zerg Zerg
  • League: Master
  • Spawn Location: 1:00

llllIIllII - Winner!

  • Race: Protoss Protoss
  • League: Master
  • Spawn Location: 7:00

VOD

Have the link to the VOD?

Description

Time

  • Played on: Jan. 12, 2023, 8:05 a.m.
  • Length: 7:14
Show
View Real Time Build Order
Export as new Build Order

lllIlllIllIl Zerg 

Build Orders: Hatch First 

Get SALT Encoding   

  12  0:00  Drone  
  13  0:12  Overlord  
  13  0:16  Drone  
  14  0:30  Drone  
  14  0:31  Drone  
  16  0:43  Drone  
  16  0:48  Drone  
  18  0:56  Hatchery  
  17  0:59  Extractor  
  16  1:12  Spawning Pool  
  16  1:14  Drone  
  16  1:17  Drone  
  17  1:22  Drone  
  18  1:31  Drone  
  19  1:38  Drone  
  20  1:56  Overlord  
  20  2:05  Metabolic Boost  
  20  2:07  Queen  
  22  2:14  Zergling x4  
  24  2:17  Zergling x2  
  25  2:23  Zergling x2  
  25  2:24  Zergling x2  
  25  2:29  Zergling x2  
  28  2:34  Zergling x2  
  28  2:36  Queen  
  31  2:41  Zergling x2  
  31  2:43  Zergling x2  
  33  2:55  Zergling x4  
  35  3:01  Zergling x2  
  35  3:05  Overlord  
  36  3:23  Zergling x2  
  36  3:25  Zergling x4  
  36  3:26  Zergling x2  
  41  3:27  Zergling x4  
  41  3:28  Zergling x2  
  43  3:36  Zergling x2  
  43  3:39  Zergling x2  
  44  3:47  Overlord  
  43  3:50  Zergling x2  
  43  3:53  Zergling x2  
  43  3:55  Zergling x4  
  44  3:58  Zergling x4  
  44  4:01  Zergling x2  
  40  4:03  Zergling x2  
  40  4:05  Zergling x2  
  40  4:08  Zergling x2  
  35  4:19  Zergling x2  
  35  4:21  Zergling x6  
  38  4:28  Zergling x2  
  36  4:31  Zergling x2  
  36  4:37  Drone  
  34  4:47  Drone  
  34  4:48  Drone  
  36  4:53  Hatchery, Drone  
  36  4:58  Drone  
  37  5:04  Drone x2  
  37  5:05  Drone x4  
  43  5:08  Drone  
  43  5:10  Drone  
  45  5:17  Drone  
  46  5:22  Drone  
  46  5:28  Queen  
  49  5:29  Drone  
  49  5:31  Overlord  
  50  5:39  Roach Warren  
  50  5:41  Drone x2  
  51  5:46  Overlord x2  
  51  5:48  Overlord  
  51  5:49  Extractor x2  
  47  5:58  Zergling x2  
  47  5:59  Zergling x4  
  47  6:04  Zergling x6, Spine Crawler  
  49  6:05  Zergling x2  
  49  6:09  Zergling x4  
  55  6:12  Zergling x6  
  55  6:16  Zergling x4  
  55  6:20  Zergling x2  
  48  6:28  Roach x3  
  48  6:31  Roach x2  
  54  6:35  Roach  
  56  6:40  Roach  
  56  6:44  Zergling x6  
  61  6:50  Roach  
Show
View Real Time Build Order
Export as new Build Order

llllIIllII Protoss - Winner!

Build Orders: 1 Gate Expand 

Get SALT Encoding   

  12  0:00  Probe  
  13  0:12  Probe  
  14  0:17  Pylon  
  14  0:24  Probe (Chrono Boost)  
  15  0:36  Probe (Chrono Boost)  
  15  0:39  Gateway  
  16  0:45  Probe (Chrono Boost)  
  17  0:51  Probe  
  17  0:55  Assimilator  
  18  1:03  Probe (Chrono Boost)  
  19  1:14  Probe (Chrono Boost)  
  20  1:18  Probe (Chrono Boost)  
  21  1:27  Nexus  
  21  1:38  Cybernetics Core  
  21  1:40  Probe  
  21  1:46  Pylon  
  22  1:51  Assimilator  
  22  1:53  Probe  
  23  2:05  Probe  
  24  2:14  Warp Gate, Zealot  
  26  2:18  Probe  
  26  2:22  Robotics Facility  
  27  2:30  Probe  
  27  2:34  Forge  
  28  2:39  Probe  
  28  2:42  Probe  
  30  2:48  Twilight Council  
  30  2:52  Probe  
  30  2:54  Probe  
  33  3:07  Zealot  
  33  3:10  Gateway  
  35  3:15  Pylon  
  35  3:19  Photon Cannon  
  34  3:23  Photon Cannon  
  34  3:28  Gateway  
  34  3:38  Pylon  
  34  3:40  Pylon  
  33  3:41  Shield Battery  
  33  3:46  Pylon  
  31  3:48  Pylon  
  31  3:53  Protoss Ground Weapons Level 1 (Chrono Boost), Probe x2  
  29  4:18  Gateway  
  29  4:23  Zealot  
  29  4:30  Gateway  
  29  4:31  Probe  
  29  4:33  Probe  
  31  4:44  Cybernetics Core  
  31  4:46  Probe x2 (Chrono Boost)  
  33  4:53  Observer (Chrono Boost)  
  33  4:54  Zealot  
  33  4:55  Probe x2 (Chrono Boost)  
  38  5:02  Probe  
  38  5:03  Probe  
  40  5:11  Warp Prism (Chrono Boost)  
  42  5:16  Zealot x2  
  46  5:24  Twilight Council  
  46  5:25  Zealot  
  48  5:28  Probe x2  
  48  5:33  Pylon  
  50  5:37  Zealot x2  
  54  5:43  Gateway  
  54  5:47  Zealot, Probe  
  57  5:54  Probe  
  58  5:58  Pylon  
  58  6:08  Zealot x3  
  58  6:09  Probe x2  
  66  6:16  Observer  
  66  6:27  Probe x2  
  66  6:28  Zealot x3  
  74  6:39  Nexus  
  74  6:51  Zealot x4  
  74  6:53  Probe x2  
  74  7:12  Zealot x4  
Tags
 
Add a new tag
Caveats
  • Supply blocks, unpowered buildings, or Contaminate may cause inaccurate times.
  • Supply counts are checked every 10 seconds.